 Dungeon Crawl Stone Soup version 0.28.0-49-g6dfe1f597d (webtiles) character file.

Game seed: 7234506827956350413

22059 acdeimund the Covert (level 12, -7/73 HPs)
             Began as a Deep Elf Conjurer on May 16, 2022.
             Was an Elder of Vehumet.
             Mangled by Gastronok (30 damage)
             ... on level 2 of the Lair of Beasts.
             The game lasted 01:24:06 (16817 turns).

acdeimund the Covert (Deep Elf Conjurer)           Turns: 16817, Time: 01:24:07

Health: -7/73      AC: 10    Str:  4    XL:     12   Next: 59%
Magic:  1/29       EV: 21    Int: 29    God:    Vehumet [****..]
Gold:   523        SH:  0    Dex: 15    Spells: 9/34 levels left

rFire   + . .      SeeInvis .   u - +10 dagger of the Median {vorpal, rPois rF+ Dex+2}
rCold   + . .      Faith    .   (no shield)
rNeg    + . .      Spirit   .   i - +2 robe {rN+}
rPois   +          Reflect  .   w - +1 helmet
rElec   .          Harm     .   r - +1 cloak
rCorr   .          Rampage  .   x - +0 pair of gloves
Will    ++...                   v - +0 pair of boots
Stlth   +++++.....              (no amulet)
HPRegen 0.22/turn               e - +4 ring of evasion
MPRegen 0.21/turn               b - ring "Basiepp" {rC+ Will+}

@: no status effects
A: no striking features
a: Renounce Religion


You were on level 2 of the Lair of Beasts.
You worshipped Vehumet.
Vehumet was greatly pleased with you.
You visited 2 branches of the dungeon, and saw 13 of its levels.

You collected 578 gold pieces.
You spent 55 gold pieces at shops.

Inventory:

Hand Weapons
 u - the +10 dagger of the Median (weapon) {vorpal, rPois rF+ Dex+2}
   (You found it on level 5 of the Dungeon)

   It inflicts extra damage upon your enemies.
   Dex:       It affects your dexterity (+2).
   rF:        It protects you from fire.
   rPois:     It protects you from poison.
Missiles
 j - 2 throwing nets
Armour
 i - a +2 robe of positive energy (worn)
 r - a +1 cloak (worn)
 v - a +0 pair of boots (worn)
 w - a +1 helmet (worn)
 x - a +0 pair of gloves (worn)
 C - an orb of energy
Jewellery
 b - the ring "Basiepp" (right hand) {rC+ Will+}
   (You found it on level 9 of the Dungeon)

   [ring of protection from cold]

   rC:        It protects you from cold.
   Will:      It increases your willpower.
 e - a +4 ring of evasion (left hand)
 q - a ring of flight
 y - a +6 ring of strength
 E - a +6 ring of strength
 F - the ring "Ewnaokh" {MP+9 Dex+4}
   (You found it on level 1 of the Lair of Beasts)

   [ring of magical power]

   Dex:       It affects your dexterity (+4).
   MP:        It affects your magic capacity (+9).
Wands
 a - a wand of acid (13)
 f - a wand of mindburst (4)
 k - a wand of iceblast (19)
Scrolls
 n - 2 scrolls of teleportation
 D - a scroll of identify
Potions
 c - a potion of mutation
 d - 2 potions of lignification
 g - 5 potions of curing
 h - a potion of ambrosia
 l - a potion of brilliance
 m - 5 potions of cancellation
 o - 2 potions of flight
 p - a potion of attraction
 s - 3 potions of heal wounds
 t - a potion of might
 z - a potion of degeneration
 A - 3 potions of haste
 B - a potion of invisibility {unknown}
 G - a potion of magic


   Skills:
 + Level 7.8 Fighting
 + Level 11.0 Dodging
 + Level 11.9 Stealth
 + Level 11.5 Spellcasting
 + Level 10.6 Conjurations
 - Level 5.0 Translocations
 + Level 4.2 Fire Magic
 - Level 3.3 Ice Magic
 + Level 2.6 Air Magic


You had 9 spell levels left.
You knew the following spells:

 Your Spells              Type           Power      Damage    Failure   Level
a - Magic Dart            Conj           100%       1d8       1%          1
b - Searing Ray           Conj           100%       2d8       1%          2
c - Dazzling Flash        Conj/Hex       94%        N/A       1%          3
d - Iskenderun's Mystic   Conj/Tloc      58%        2d12      1%          4
e - Foxfire               Conj/Fire      100%       2x1d9     1%          1
f - Frozen Ramparts       Ice            72%        1d9       1%          3
g - Mephitic Cloud        Conj/Pois/Air  42%        N/A       1%          3
h - Lightning Bolt        Conj/Air       26%        1d42      1%          5
i - Ignite Poison         Fire/Tmut/Pois 25%        N/A       1%          3

Your spell library contained the following spells:

 Spells                   Type           Power      Damage    Failure   Level
 Static Discharge         Conj/Air       53%        N/A       1%          2
 Fulminant Prism          Conj/Hex       23%        3d13      1%          4
 Irradiate                Conj/Tmut      23%        3d21      2%          5
 Call Imp                 Summ           16%        N/A       4%          2
 Tukima's Dance           Hex            16%        N/A       10%         3
 Anguish                  Hex/Necr       8%         N/A       32%         4
 Blade Hands              Tmut           8%         N/A       65%         5
 Dragon Form              Tmut           8%         N/A       100%        7
 Enfeeble                 Hex            8%         N/A       100%        7
 Maxwell's Capacitive Co  Air            16%        ∞         100%        8


Dungeon Overview and Level Annotations

Branches:
Dungeon (11/15)            Temple (0/1) D:5            Lair (2/6) D:9
  Swamp: Lair:2-4    Shoals: Lair:2-4     Snake: Lair:2-4    Spider: Lair:2-4
    Orc: D:9-12

Altars:
Cheibriados
Dithmenos
Fedhas
Hepliaklqana
Nemelex Xobeh
Ru
Uskayaw
Vehumet

Shops:
D:9 *   D:10 (

Annotations:
D:4 Edmund
D:8 exclusion: two-headed ogre
Lair:1 1 runed translucent door, exclusion: oklob plant, klau3's ghost, journeyman MiBe
Lair:2 Gastronok; Urug


Message History

Confirm with . or Enter, or press ? or * to list all spells.
Aiming: Lightning Bolt (dangerous; 1% risk of failure)
Press: ? - help, Shift-Dir - straight line, f/p - Gastronok
Aim: Gastronok, wearing a +2 hat (grey smoke, heavily wounded, covering ground quickly, 100% to hit)
You hear a mighty clap of thunder!
The bolt of lightning hits the bat!!
You kill the bat!
The bat's corpse disappears in a puff of smoke!
The bolt of lightning hits Gastronok!
Gastronok is severely wounded.
The elephant tramples you but does no damage.
The elephant trunk-slaps you but does no damage.
An elephant comes into view.
Gastronok barely misses you.
The elephant trumpets!
You puncture Gastronok!
Gastronok is severely wounded.
The elephant tramples you.
You hold your ground!
The elephant trunk-slaps you but does no damage.
You hit Gastronok.
Gastronok is severely wounded.
The elephant tramples you!
You hold your ground!
The elephant completely misses you.
An elephant comes into view.
Gastronok bites you!!
You puncture Gastronok!
Gastronok is severely wounded.
The elephant misses you. The elephant barely misses you.
You hit Gastronok.
Gastronok is almost dead.
The elephant tramples you but does no damage.
The elephant barely misses you. Gastronok barely misses you.
You puncture Gastronok!
Gastronok is almost dead.
The elephant tramples you.
You hold your ground!
The elephant trunk-slaps you.
You puncture Gastronok!
Gastronok is almost dead.
The elephant misses you. The elephant completely misses you.
Gastronok bites you!!
You die...

§≈≈§≈≈.##P#.#####........
..........................
.......##..##..............
.#.#.#####..#...............
....## ##.##...#...........
....#####...#...#...........
......†.†....YY(............
........†.....#Y#...........
##..##†##...P#Yw@...........
#####...........P##.....#.#P .
#....................... #
##.......#######.####### ## #
#.....).#.....#....### ..##
##......##.....###....####.P#
#...........####)#......#....
##......#..##)....#.#####....
.###.......##.##.......#........


You could see Gastronok (swift) and 4 elephants.

Vanquished Creatures
  A hydra (Lair:1)
  2 two-headed ogres (D:11)
  Nergalle (Lair:2)
  A manticore (D:11)
  9 elephants
  3 cyclopes (D:11)
  A molten gargoyle (Lair:2)
  A cane toad (Lair:1)
  5 komodo dragons
  A troll (D:11)
  2 polar bears
  22 blink frogs
  13 yaks
  A steam dragon (D:9)
  A vampire mosquito (D:11)
  A basilisk (Lair:2)
  9 water moccasins
  3 orc warriors
  3 sky beasts
  An ogre (D:5)
  5 wolves
  6 centaurs
  A phantom (D:6)
  3 kobold brigands
  A wyvern zombie (D:7)
  3 bullfrogs
  4 scorpions
  A water moccasin skeleton (D:7)
  12 killer bees
  An electric eel (Lair:2)
  7 howler monkeys
  4 wights (D:9)
  7 centaur zombies
  3 hounds (D:6)
  2 jellies (D:6)
  A bullfrog skeleton (D:4)
  3 orc priests
  A gnoll shaman (D:5)
  6 iguanas
  6 orc wizards
  A hound zombie (D:5)
  A howler monkey zombie (D:5)
  5 adders
  3 gnolls (D:5)
  A howler monkey skeleton (D:7)
  An ufetubus (D:4)
  A worm (D:2)
  A dart slug (D:2)
  19 orcs
  4 ball pythons
  5 endoplasms
  4 giant cockroaches
  8 goblins
  A hobgoblin (D:1)
  4 jackals (D:2)
  2 quokkas
  11 bats
  3 frilled lizards
  19 kobolds
  4 rats
256 creatures vanquished.

Vanquished Creatures (collateral kills)
  An adder (D:4)
1 creature vanquished.

Vanquished Creatures (others)
  12 demonic plants (D:2)
  5 foxfires (D:9)
  14 fungi
  61 plants
  4 withered plants (D:2)
96 creatures vanquished.

Grand Total: 353 creatures vanquished

Notes
Turn   | Place    | Note
-------+----------+-------------------------------------------
     0 | D:1      | acdeimund the Deep Elf Conjurer began the quest for the
                  | Orb.
     0 | D:1      | Reached XP level 1. HP: 10/10 MP: 6/6
   318 | D:1      | Reached XP level 2. HP: 15/15 MP: 6/9
   668 | D:1      | Learned a level 2 spell: Searing Ray
  1028 | D:2      | Found a shadowy altar of Dithmenos.
  1061 | D:2      | Reached XP level 3. HP: 19/19 MP: 9/11
  1083 | D:2      | Learned a level 3 spell: Dazzling Flash
  1088 | D:2      | Reached skill level 5 in Spellcasting
  1440 | D:2      | Found a faded altar of an unknown god.
  1884 | D:3      | Reached XP level 4. HP: 24/24 MP: 8/13
  1889 | D:3      | Learned a level 4 spell: Iskenderun's Mystic Blast
  2230 | D:3      | Reached skill level 1 in Translocations
  2661 | D:4      | Found a radiant altar of Vehumet.
  2669 | D:4      | Became a worshipper of Vehumet
  2715 | D:4      | Noticed Edmund
  2811 | D:5      | Entered Level 5 of the Dungeon
  2888 | D:4      | Reached XP level 5. HP: 25/28 MP: 8/15
  2961 | D:4      | Found a sparkling altar of Nemelex Xobeh.
  3788 | D:4      | Noticed a water moccasin
  3797 | D:5      | Killed a water moccasin
  3798 | D:5      | Reached skill level 5 in Translocations
  3798 | D:5      | Reached skill level 1 in Fighting
  3798 | D:5      | Reached XP level 6. HP: 27/34 MP: 1/16
  4026 | D:5      | Found a staircase to the Ecumenical Temple.
  4079 | D:5      | Identified the +10 dagger of the Median {vorpal, rPois rF+
                  | Dex+2}
  4386 | D:5      | Reached skill level 5 in Conjurations
  4397 | D:5      | Reached XP level 7. HP: 11/40 MP: 8/17
  4418 | D:5      | Reached * piety under Vehumet
  4418 | D:5      | Offered knowledge of Freeze by Vehumet.
  4672 | D:5      | Found a blossoming altar of Fedhas.
  5448 | D:6      | Reached XP level 8. HP: 43/45 MP: 17/19
  5475 | D:6      | Found a snail-covered altar of Cheibriados.
  5701 | D:6      | You are sucked into a shaft and drop 1 floor!
  5860 | D:6      | Found a sacrificial altar of Ru.
  6167 | D:6      | Found a hazy altar of Hepliaklqana.
  6651 | D:7      | Reached skill level 5 in Stealth
  6822 | D:7      | Found a hide-covered altar of Uskayaw.
  7382 | D:8      | Reached skill level 5 in Dodging
  7382 | D:8      | Reached XP level 9. HP: 52/52 MP: 17/22
  7835 | D:8      | Noticed a two-headed ogre
  8171 | D:8      | Reached ** piety under Vehumet
  8171 | D:8      | Offered knowledge of Foxfire by Vehumet.
  8174 | D:8      | Learned a level 1 spell: Foxfire
  8393 | D:9      | Identified the ring "Basiepp" {rC+ Will+}
  8535 | D:9      | Reached skill level 1 in Fire Magic
  8682 | D:9      | Found a staircase to the Lair.
  9103 | D:9      | Reached skill level 5 in Fighting
  9472 | D:9      | Reached XP level 10. HP: 59/59 MP: 20/24
  9534 | D:9      | Found Nafudgh's Assorted Antiques.
  9543 | D:9      | Bought 2 lumpy inky potions for 37 gold pieces
  9543 | D:9      | Bought a lumpy inky potion for 18 gold pieces
  9562 | D:9      | Offered knowledge of Frozen Ramparts by Vehumet.
  9607 | D:9      | Learned a level 3 spell: Frozen Ramparts
 10064 | D:9      | Reached skill level 1 in Ice Magic
 10167 | D:10     | Entered Level 10 of the Dungeon
 10644 | D:10     | Learned a level 3 spell: Mephitic Cloud
 10686 | D:10     | Reached *** piety under Vehumet
 10772 | D:10     | Found Omofaun's Weapon Emporium.
 11261 | D:11     | Noticed a centaur warrior
 11303 | D:11     | Noticed a cyclops
 11330 | D:11     | Killed a cyclops
 11402 | D:11     | Noticed a cyclops
 11420 | D:11     | Killed a cyclops
 11421 | D:11     | Noticed a cyclops
 11690 | Lair:1   | Entered Level 1 of the Lair of Beasts
 11692 | Lair:1   | Noticed an eight-headed hydra
 11702 | Lair:1   | Killed an eight-headed hydra
 11910 | Lair:1   | Reached XP level 11. HP: 57/64 MP: 17/26
 12067 | Lair:1   | Offered knowledge of Inner Flame by Vehumet.
 12074 | Lair:1   | Learned a level 5 spell: Lightning Bolt
 12134 | Lair:1   | Found a runed translucent door.
 12147 | Lair:1   | Reached skill level 1 in Air Magic
 12431 | Lair:1   | Noticed klau3's ghost (journeyman MiBe)
 12576 | Lair:1   | Noticed an oklob plant
 12902 | Lair:1   | Identified the ring "Ewnaokh" {MP+9 Dex+4}
 13088 | Lair:1   | Reached skill level 10 in Stealth
 13318 | Lair:2   | Noticed Nergalle
 13375 | Lair:2   | Killed Nergalle
 13376 | Lair:2   | Reached skill level 10 in Spellcasting
 13957 | Lair:2   | Reached skill level 10 in Dodging
 14149 | Lair:2   | Noticed Urug
 14268 | D:11     | Noticed a two-headed ogre
 14273 | D:11     | Killed a two-headed ogre
 14274 | D:11     | Reached XP level 12. HP: 72/72 MP: 18/28
 14418 | D:11     | Reached **** piety under Vehumet
 14581 | D:11     | Noticed a two-headed ogre
 14585 | D:11     | Reached skill level 10 in Conjurations
 14588 | D:11     | Killed a two-headed ogre
 14897 | D:11     | Noticed a tengu warrior
 15944 | Lair:2   | Offered knowledge of Ignite Poison by Vehumet.
 15949 | Lair:2   | Learned a level 3 spell: Ignite Poison
 16792 | Lair:2   | Noticed Gastronok
 16817 | Lair:2   | Mangled by Gastronok

Illustrated notes

Levels and vault maps discovered:
D:1:      dpeg_arrival_round_b, layout_rooms
D:2:      layout_rooms, basic_altar, shapermc_ecumenical_altar_gd,
          skrybe_limestone_x, serial_bayou_lagoon_b
D:3:      layout_basic
D:4:      layout_cave_pods, lemuel_crystal_altar, lemuel_crystal_altar,
          minmay_misc_feat_enclosed, roderic_nine_men_s_morris, uniq_edmund
D:5:      layout_loops_corners, fedhas_altar_fruit_tree,
          minmay_temple_entry_mini_moons
D:6:      layout_loops_ring, overflow_temple_1_default, lemuel_round_altar,
          kennysheep_flooded_box, minmay_misc_feat_room, uniq_grinder
D:7:      layout_cave_pools, nicolae_uskayaw_suspiria
D:8:      layout_basic
D:9:      layout_loops_ring, lair_entry_dummy, serial_shops, shop,
          patterned_corridor
D:10:     layout_roguey, serial_shops, nicolae_shop_bloodbath_and_beyond
D:11:     minmay_the_grid_octo_tiled_octocenter_mashed
          [minmay_the_grid_octo_horde, minmay_the_grid_octo_fan_narrow,
          minmay_the_grid_octo_chip, minmay_the_grid_octo_checkerflower,
          minmay_the_grid_octo_prize_single_spiral,
          minmay_the_grid_square_5x5_slash, minmay_the_grid_square_5x5_shrine1,
          minmay_the_grid_square_5x5_intrusive_squares,
          minmay_the_grid_square_5x5_longway], layout_rooms, kennysheep_nub
Lair:1:   minmay_lair_oklob_chamber, layout_chaotic_city, gammafunk_ghost_grave
Lair:2:   beast_lair_carwin_large_3, layout_gridlike, elwin_shoals_entry_rocks,
          nicolae_lair_grazing_beasts [nicolae_sub_lair_graze_edge,
          nicolae_sub_lair_graze_edge, nicolae_sub_lair_graze_edge,
          nicolae_sub_lair_graze_edge], uniq_nergalle, uniq_gastronok, uniq_urug

Skill      XL: |  1  2  3  4  5  6  7  8  9 10 11 12 |
---------------+-------------------------------------+-----
Spellcasting   | 4 5 6 7 8 9 10 11 | 11.5
Translocations | 3 5 |  5.0
Fighting       | 1 2 3 5 6 7 |  7.8
Conjurations   | 6 7 8 9 10 | 10.6
Dodging        | 3 5 7 8 10 11 | 11.0
Stealth        | 3 5 7 9 10 11 | 11.9
Fire Magic     | 4 |  4.2
Ice Magic      | 3 |  3.3
Air Magic      | 2 |  2.6

Action                   |  1- 3 |  4- 6 |  7- 9 | 10-12 || total
-------------------------+-------+-------+-------+-------++-------
Melee: Dagger            |     3 |    19 |    42 |    83 ||   147
       Punch             |       |       |       |     2 ||     2
 Cast: Magic Dart        |    75 |    65 |    54 |    73 ||   267
       Searing Ray       |       |     8 |    44 |    93 ||   145
       Iskenderun's Myst |       |     3 |     6 |   103 ||   112
       Foxfire           |       |       |     3 |       ||     3
       Mephitic Cloud    |       |       |       |    16 ||    16
       Lightning Bolt    |       |       |       |    18 ||    18
       Ignite Poison     |       |       |       |     1 ||     1
       Frozen Ramparts   |       |       |       |     1 ||     1
  Use: Scroll            |     2 |     6 |    10 |     7 ||    25
       Potion            |       |     1 |       |       ||     1
 Stab: Sleeping          |     1 |       |     2 |     6 ||     9
       Distracted        |       |       |       |     1 ||     1
       Confused          |       |       |       |     1 ||     1
Armor: Robe              |     2 |     9 |    31 |    78 ||   120
Dodge: Dodged            |     7 |    28 |   107 |   258 ||   400
